 Dungeon Sprint DCSS version 0.21-a0-264-g3e31e41 (webtiles) character file.

171 Kidiri the Thaumaturge (level 5, -10/30 HPs)
             Began as a Deep Elf Fire Elementalist on Sept 9, 2017.
             Was an Initiate of Vehumet.
             Mangled by a fire elemental (12 damage)
             ... summoned by a deep elf mage
             ... in the Dungeon (Sprint III: "The Ten Rune Challenge").
             The game lasted 00:02:39 (404 turns).

Kidiri the Thaumaturge (Deep Elf Fire Elementalist)  Turns: 404, Time: 00:02:40

Health: -10/30     AC:  5    Str:  5    XL:     5   Next: 26%
Magic:  16/19      EV: 14    Int: 21    God:    Vehumet [......]
Gold:   9          SH:  0    Dex: 15    Spells: 2/23 levels left

rFire    . . .     SeeInvis .   (no weapon)
rCold    . . .     Gourm    .   (no shield)
rNeg     . . .     Faith    .   a - +0 robe
rPois    .         Spirit   .   l - +0 helmet
rElec    .         Reflect  .   (no cloak)
rCorr    .         Harm     .   (no gloves)
MR       .....     NoTele   +   (no boots)
Stlth    ++........             (no amulet)
HPRegen  0.50/turn              (no ring)
MPRegen  0.16/turn              (no ring)

@: no status effects
A: icy blue scales 1, regeneration 1
a: Renounce Religion


You were in the Dungeon.
You worshipped Vehumet.
Vehumet was noncommittal.
You were not hungry.

You visited 1 branch You collected 9 gold pieces.

Inventory:

Armour
 a - a +0 robe (worn)
 l - a +0 helmet (worn)
Scrolls
 i - a scroll of blinking
 n - a scroll of torment {unknown}
 o - a scroll of immolation {unknown}
 s - a scroll of holy word {unknown}
 t - a scroll of random uselessness {unknown}
 u - 2 scrolls of remove curse
Potions
 d - a potion of curing
 e - a potion of heal wounds
 f - a potion of haste
 g - 2 potions of magic
 h - a potion of berserk rage
 m - a potion of mutation
 q - a potion of lignification {unknown}
 r - 2 potions of ambrosia
 w - a potion of flight {unknown}
Books
 x - a Young Poisoner's Handbook

   Spells                             Type                      Level
   a - Sting                          Conjuration/Poison           1
   b - Poisonous Vapours              Poison/Air                   2
   c - Mephitic Cloud                 Conjuration/Poison/Air       3
   d - Olgreb's Toxic Radiance        Poison                       4
   e - Venom Bolt                     Conjuration/Poison           5
Comestibles
 c - a bread ration
 k - 4 chunks of flesh
 p - a royal jelly
 v - 2 fruits


   Skills:
 + Level 1.9 Fighting
 + Level 1.9 Armour
 + Level 4.0 Dodging
 - Level 2.4 Stealth
 * Level 9.5 Spellcasting
 + Level 5.4 Conjurations
 + Level 6.0 Fire Magic
 + Level 0.0 Air Magic
 + Level 0.0 Poison Magic


You had 2 spell levels left.
You knew the following spells:

 Your Spells              Type           Power        Failure   Level  Hunger
a - Flame Tongue          Conj/Fire      ####.        1%          1    None
b - Throw Flame           Conj/Fire      ####..       1%          2    None
c - Conjure Flame         Conj/Fire      ####....     1%          3    None
d - Inner Flame           Hex/Fire       ###.....     6%          3    None
e - Sticky Flame          Conj/Fire      ####....     6%          4    ##.....
f - Fireball              Conj/Fire      ####......   19%         5    ####...
g - Mephitic Cloud        Conj/Pois/Air  ###.....     10%         3    None


Dungeon Overview and Level Annotations

Branches:
Dungeon (1/1)

Altars:
Kikubaaqudgha
Sif Muna
Vehumet
Zin


Innate Abilities, Weirdness & Mutations

You are partially covered in icy blue scales. (AC +2)
Your natural rate of healing is unusually fast.


Message History

The ball explodes into a vile cloud!
The stinking cloud engulfs the fire elemental.
The fire elemental appears unharmed.
The stinking cloud engulfs the fire elemental.
The fire elemental appears unharmed.
The stinking cloud engulfs the deep elf mage.
Unknown command.
The fire elemental misses you.
The deep elf mage is engulfed in noxious fumes.
The deep elf mage appears confused.
The deep elf mage drinks a potion.
The deep elf mage is healed!
The deep elf mage seems less confused.
The fire elemental hits you. The fire elemental burns you!
The fire elemental hits you. The fire elemental burns you!
The fire elemental hits you. The fire elemental burns you!
* * * LOW HITPOINT WARNING * * *
The deep elf mage is engulfed in noxious fumes.
The deep elf mage appears confused.
The fire elemental hits you.
* * * LOW HITPOINT WARNING * * *
The fire elemental burns you!
You die...

▓▓▓▓▓▓▓▓ ▓▓▓ #..+...♣♣♣
♣.# ## #..#.....♣♣ ♣.# _#
####......♣ ♣.# .#
...#....≈.♣♣♣♣.###'#+###+
...#...≈≈♣♣....#.§.§.....
...#%.≈≈≈≈♣♣...'§e§.§....
##'#..≈≈≈≈≈≈.♣.#@E§######
..÷#.≈≈≈≈≈≈....#.E.#
...#.≈≈≈≈≈.....#...#
...#.≈≈≈.......#+###
####...........#.):#
...............#___#
▓▓▓▓▓▓▓▓▓▓▓▓▓▓▓▓▓▓▓▓


You could see a deep elf mage (confused) and 2 fire elementals.

Vanquished Creatures
  A water elemental (D)
  A scorpion (D)
  A wizard (D)
  A human (D)
  A kobold demonologist (D)
  2 oozes (D)
  2 rats (D)
9 creatures vanquished.

Vanquished Creatures (others)
  2 draconian scorchers (D)
  6 hellions (D)
  A yaktaur (D)
  3 plants (D)
12 creatures vanquished.

Grand Total: 21 creatures vanquished

Notes
Turn   | Place    | Note
-------+----------+-------------------------------------------
     0 | D        | Kidiri the Deep Elf Fire Elementalist began the quest for the Orb.
     0 | D        | Reached XP level 1. HP: 10/10 MP: 6/6
     7 | D        | Reached skill level 4 in Spellcasting
    65 | D        | Reached XP level 2. HP: 15/15 MP: 5/9
    80 | D        | Killed a hellion
   104 | D        | Reached skill level 5 in Spellcasting
   112 | D        | Learned a level 2 spell: Throw Flame
   123 | D        | Killed a hellion
   128 | D        | Killed a yaktaur
   139 | D        | Noticed a scorpion
   144 | D        | Killed a scorpion
   144 | D        | Reached skill level 7 in Spellcasting
   144 | D        | Reached skill level 5 in Fire Magic
   144 | D        | Reached XP level 3. HP: 19/19 MP: 6/13
   149 | D        | Learned a level 3 spell: Conjure Flame
   153 | D        | Learned a level 3 spell: Inner Flame
   161 | D        | Killed a white draconian scorcher
   173 | D        | Gained mutation: You are partially covered in icy blue scales. (AC +2) [potion of mutation]
   173 | D        | Gained mutation: Your natural rate of healing is unusually fast. [potion of mutation]
   174 | D        | Killed a hellion
   176 | D        | Killed a hellion
   182 | D        | Killed a white draconian scorcher
   203 | D        | Reached skill level 8 in Spellcasting
   203 | D        | Reached XP level 4. HP: 24/24 MP: 11/16
   210 | D        | Killed a hellion
   210 | D        | Killed a hellion
   236 | D        | Learned a level 4 spell: Sticky Flame
   282 | D        | Noticed a water elemental
   284 | D        | Killed a water elemental
   284 | D        | Reached skill level 1 in Fighting
   284 | D        | Reached skill level 1 in Armour
   284 | D        | Reached skill level 5 in Conjurations
   315 | D        | Found a radiant altar of Vehumet.
   316 | D        | Found a deep blue altar of Sif Muna.
   316 | D        | Found an ancient bone altar of Kikubaaqudgha.
   316 | D        | Noticed a wizard
   319 | D        | Killed a wizard
   319 | D        | Reached skill level 9 in Spellcasting
   319 | D        | Reached XP level 5. HP: 15/29 MP: 8/18
   335 | D        | Learned a level 5 spell: Fireball
   340 | D        | Became a worshipper of Vehumet
   345 | D        | Learned a level 3 spell: Mephitic Cloud
   397 | D        | Found a glowing silver altar of Zin.
   400 | D        | Noticed a deep elf mage
   401 | D        | Noticed a fire elemental
   401 | D        | Noticed a fire elemental
   404 | D        | Mangled by a fire elemental

Vault maps used:
D:        dungeon_sprint_mu

Skill      XL: |  1  2  3  4  5 |
---------------+----------------+-----
Spellcasting   | 4 7 8 9 |  9.5
Conjurations   | 2 4 5 |  5.4
Fire Magic     | 5 6 |  6.0
Fighting       | 1 |  1.9
Armour         | 1 |  1.9
Dodging        | 3 4 |  4.0
Stealth        | |  2.4

Action                   |  1- 3 |  4- 6 || total
-------------------------+-------+-------++-------
 Cast: Flame Tongue      |    13 |     3 ||    16
       Throw Flame       |     2 |       ||     2
       Sticky Flame      |       |     2 ||     2
       Conjure Flame     |       |     1 ||     1
       Mephitic Cloud    |       |     1 ||     1
  Use: Scroll            |     2 |       ||     2
       Potion            |     1 |       ||     1
Armor: Robe              |       |     3 ||     3
Dodge: Dodged            |     2 |     3 ||     5

Table legend:
 A = Spawn XP
 B = Non-spawn XP
 C = Spawn XP percentage of total XP
 D = Spawn monster count
 E = Non-spawn monster count
 F = Spawn count percentage of total count
 G = Total turns spent on level
                    A         B        C        D         E        F      G
               +---------+---------+-------+---------+---------+-------+---------
         Total |       0 |     245 |   0.0 |       0 |       9 |   0.0 |   404
               +---------+---------+-------+---------+---------+-------+---------
             D |       0 |     245 |   0.0 |       0 |       9 |   0.0 |   404
               +---------+---------+-------+---------+---------+-------+---------
